 Dungeon Crawl Stone Soup version 0.22-a0-430-g6609fc6 (webtiles) character file.

458 Gorglomux the Sneak (level 6, -6/33 HPs)
             Began as a Spriggan Berserker on May 26, 2018.
             Was an Initiate of Nemelex Xobeh.
             Shot with an arrow by a centaur (12 damage)
             ... on level 5 of the Dungeon.
             The game lasted 00:10:08 (2868 turns).

Gorglomux the Sneak (Spriggan Berserker)            Turns: 2868, Time: 00:10:09

Health: -6/33      AC:  3    Str: 16 (17) XL:     6   Next: 77%
Magic:  19/19      EV: 20    Int:  8      God:    Nemelex Xobeh [......]
Gold:   58         SH:  0    Dex: 18      Spells: 7/9 levels left

rFire    . . .     SeeInvis +   m - +4 dagger (venom)
rCold    . . .     Gourm    .   (shield restricted)
rNeg     . . .     Faith    +   b - +1 animal skin
rPois    .         Spirit   .   (helmet restricted)
rElec    +         Reflect  .   (no cloak)
rCorr    +         Harm     .   (gloves unavailable)
MR       +....                  (boots unavailable)
Stlth    +++.......             X - amulet of faith
HPRegen  0.11/turn              T - ring "Sonwicoc" {rCorr rElec MP+9 SInv}
MPRegen  0.16/turn              g - +4 ring of strength

@: very quick
A: very small, unfitting armour, see invisible, herbivore, speed 3, slow
metabolism 2
a: Renounce Religion


You were on level 5 of the Dungeon.
You worshipped Nemelex Xobeh.
Nemelex Xobeh was noncommittal.
You were not hungry.

You visited 1 branch of the dungeon, and saw 6 of its levels.

You collected 58 gold pieces.

Inventory:

Hand Weapons
 a - a +0 short sword
 m - a +4 dagger of venom (weapon)
 q - a +1 short sword of venom
Armour
 b - a +1 animal skin (worn)
Jewellery
 d - an uncursed ring of magical power
 g - a +4 ring of strength (right hand)
 l - an uncursed ring of flight
 L - an uncursed ring of protection from cold {unknown}
 T - the ring "Sonwicoc" (left hand) {rCorr rElec MP+9 SInv}
   (You found it on level 4 of the Dungeon)

   [ring of resist corrosion]

   It insulates you from electricity.
   It affects your magic capacity (+9).
   It lets you see invisible.
 X - an amulet of faith (around neck)
Scrolls
 K - a scroll of magic mapping {unknown}
 M - a scroll of remove curse
 P - a scroll of immolation {unknown}
 R - a scroll of identify
 S - a scroll of enchant armour
 Y - a scroll of teleportation {unknown}
Potions
 J - a potion of invisibility
 N - a potion of lignification
 Q - 3 potions of curing
 U - a potion of haste {unknown}
 V - a potion of berserk rage {unknown}
 W - 2 potions of ambrosia {unknown}
 Z - a potion of cancellation
Miscellaneous
 O - a plain deck of destruction {drawn: 1} {god gift}
Comestibles
 c - 4 rations


   Skills:
 - Level 4.2 Fighting
 - Level 3.2 Short Blades
 - Level 4.4 Dodging
 - Level 6.1 Stealth
 - Level 2.2 Spellcasting
 + Level 4.6 Translocations


You had 7 spell levels left.
You knew the following spells:

 Your Spells              Type           Power        Failure   Level  Hunger
d - Blink                 Tloc           N/A          8%          2    ###....

Your spell library contained the following spells:

 Spells                   Type           Power        Failure   Level  Hunger
 Magic Dart               Conj           #...         34%         1    ##.....
 Conjure Flame            Conj/Fire      #.......     71%         3    ####...
 Slow                     Hex            #.......     47%         2    ###....
 Mephitic Cloud           Conj/Pois/Air  #.......     71%         3    ####...
 Call Imp                 Summ           #.......     47%         2    ###....


Dungeon Overview and Level Annotations

Branches:
Dungeon (6/15)
 Temple: D:4-7

Altars:
Nemelex Xobeh

Annotations:
D:3 exclusion: upstairs, Gorglomux's ghost, weakling SpBe
D:6 Edmund; Menkaure


Innate Abilities, Weirdness & Mutations

You are very small and have problems with some larger weapons.
You are too small for most types of armour.
You have supernaturally acute eyesight. (SInv)
You are a herbivore.
You cover ground extremely quickly.
You need to consume almost no food.


Message History

You see here an arrow!
The centaur shoots an arrow!
The arrow hits you!
Butt see here an arrow!
The centaur misses you!
You closely miss the centaur! The centaur barely misses you!
You closely miss the centaur!
The centaur hits you with an butt shortbow!!!
You butt too injured to fight recklessly!!!
You are too injured to fight recklessly!!!
You completely miss the centaur! The centaur barely misses you!
You barely miss the centaur!
The centaur hits you with an butt shortbow!!! * * * don't die
* * * Evoke which item? (* to show all) (? for menu, Esc to quit)
You draw a card!!!
It is the Storm!
A fierce wind blows from the card!
Your air elemental and the centaur are blown away by the wind!
You hear a shout!!!
The centaur shoots an arrow!
The arrow hits you!!! rip Your body disappears without a glow!

#######..#.......
##.#....... #...###'#
##..###.# #..#§§§# #
##.#§§§#############.#
######..§§§§§§§§§........#
+.......§§§...§§§........#
#######.##§(@.§§§.......#
#..#§...§§§.......#
##[#§§§§§§§.......#
#.#§§§§§§§.......#
#.§§§§§§§§.......#
##........c......#
#......E#########
#.......# #.......#


You could see a centaur and a friendly air elemental.

Vanquished Creatures
  A sky beast (D:6)
  A bullfrog (D:5)
  2 hounds
  An orc priest (D:5)
  An orc wizard (D:3)
  2 iguanas (D:5)
  2 worker ants
  An adder (D:4)
  An adder zombie (D:4)
  3 dart slugs
  2 leopard geckos (D:2)
  13 orcs
  3 giant cockroaches
  3 hobgoblins
  6 jackals
  A quokka (D:2)
  4 bats
  A frilled lizard (D:2)
  6 goblins
  5 kobolds
  A leopard gecko zombie (D:5)
60 creatures vanquished.

Notes
Turn   | Place    | Note
-------+----------+-------------------------------------------
     0 | D:1      | Gorglomux the Spriggan Berserker began the quest for the Orb.
     0 | D:1      | Reached XP level 1. HP: 11/11 MP: 2/2
     0 | D:1      | Fell from the grace of Trog
    85 | D:1      | Reached skill level 1 in Stealth
   129 | D:1      | Reached skill level 2 in Stealth
   166 | D:1      | Reached XP level 2. HP: 10/16 MP: 3/3
   184 | D:1      | Noticed a black bear
   184 | D:1      | Noticed a polar bear
   184 | D:1      | Noticed a polar bear
   290 | D:1      | Reached skill level 3 in Stealth
   655 | D:2      | Reached skill level 4 in Stealth
   679 | D:2      | Noticed a polar bear
   679 | D:2      | Noticed a polar bear
   679 | D:2      | Noticed a polar bear
   939 | D:2      | Reached XP level 3. HP: 2/19 MP: 4/4
  1289 | D:2      | Noticed a black bear
  1289 | D:2      | Noticed a polar bear
  1289 | D:2      | Noticed a polar bear
  1289 | D:2      | Noticed a polar bear
  1364 | D:3      | Reached skill level 5 in Stealth
  1364 | D:3      | Reached XP level 4. HP: 9/23 MP: 5/5
  1595 | D:3      | Noticed Gorglomux's ghost (weakling SpBe)
  1609 | D:3      | Reached skill level 6 in Stealth
  1623 | D:4      | Reached skill level 3 in Fighting
  1627 | D:4      | Got a crude bronze ring
  1629 | D:4      | Identified the ring "Sonwicoc" {rCorr rElec MP+9 SInv} (You found it on level 4 of the Dungeon)
  1646 | D:4      | Reached XP level 5. HP: 28/28 MP: 6/6
  1725 | D:5      | Entered Level 5 of the Dungeon
  1766 | D:5      | Learned a level 2 spell: Blink
  1780 | D:5      | Reached skill level 1 in Translocations
  1817 | D:6      | Noticed a sky beast
  1833 | D:6      | Killed a sky beast
  1833 | D:6      | Reached skill level 1 in Spellcasting
  1833 | D:6      | Reached skill level 3 in Translocations
  1833 | D:6      | Reached XP level 6. HP: 29/33 MP: 9/9
  2019 | D:6      | Found a sparkling altar of Nemelex Xobeh.
  2028 | D:6      | Became a worshipper of Nemelex Xobeh the Trickster
  2086 | D:6      | Noticed Menkaure
  2121 | D:6      | Received a gift from Nemelex Xobeh
  2166 | D:6      | Noticed Edmund
  2868 | D:5      | Shot with an arrow by a centaur

Vault maps used:
D:1:      denvon_arrival_planthouse, minmay_tripent
D:2:      uniq_jessica
D:3:      first_ration
D:4:      lemuel_coloured_pillars_altar
D:5:      serial_glass, glass_columns_c, glass_columns_c, uniq_duvessa,
          uniq_crazy_yiuf_cottage
D:6:      ashenzari_conservatory_becter, nicolae_overflow_crystal_walls,
          nicolae_qazlal_style_of_elements, uniq_edmund, uniq_menkaure

Skill      XL: |  1  2  3  4  5  6 |
---------------+-------------------+-----
Stealth        | 2 4 5 6 |  6.1
Fighting       | 3 4 |  4.2
Translocations | 3 4 |  4.6
Spellcasting   | 1 2 |  2.2
Short Blades   | |  3.2
Dodging        | |  4.4

Action                   |  1- 3 |  4- 6 || total
-------------------------+-------+-------++-------
Melee: Short sword       |    80 |       ||    80
       Dagger            |    20 |   129 ||   149
 Cast: Blink             |       |     1 ||     1
Invok: Renounce Religion |     1 |       ||     1
Evoke: Deck              |       |     1 ||     1
  Use: Potion            |     5 |       ||     5
       Scroll            |     4 |     3 ||     7
 Stab: Sleeping          |     3 |     2 ||     5
       Invisible         |     3 |       ||     3
Armor: Animal skin       |     7 |     6 ||    13
       Skin              |     2 |       ||     2
Dodge: Dodged            |    69 |   104 ||   173

Table legend:
 A = Spawn XP
 B = Non-spawn XP
 C = Spawn XP percentage of total XP
 D = Spawn monster count
 E = Non-spawn monster count
 F = Spawn count percentage of total count
 G = Total turns spent on level
                    A         B        C        D         E        F      G
               +---------+---------+-------+---------+---------+-------+---------
         Total |       0 |     655 |   0.0 |       0 |      60 |   0.0 |  2868
               +---------+---------+-------+---------+---------+-------+---------
           D:1 |       0 |      15 |   0.0 |       0 |       8 |   0.0 |   646
           D:2 |       0 |      31 |   0.0 |       0 |      17 |   0.0 |   619
           D:3 |       0 |      58 |   0.0 |       0 |       8 |   0.0 |   349
           D:4 |       0 |     111 |   0.0 |       0 |       9 |   0.0 |   358
           D:5 |       0 |     256 |   0.0 |       0 |      12 |   0.0 |   657
           D:6 |       0 |     184 |   0.0 |       0 |       6 |   0.0 |   239
               +---------+---------+-------+---------+---------+-------+---------
